 Dungeon Crawl Stone Soup version 0.31-a0-236-g9a0961fb85 (webtiles) character file.

Game seed: 13245342325998675293

183 Iniera the Chopper (level 5, -2/41 HPs)
             Began as a Vampire Fighter on July 11, 2023.
             Splashed by a jelly's acid (8 damage)
             ... in a sewer.
             The game lasted 00:02:33 (2178 turns).

Iniera the Chopper (Vampire Fighter)                Turns: 2178, Time: 00:02:34

Health: -2/41      AC: -5    Str: 17    XL:     5   Next: 35%
Magic:  5/5        EV:  7    Int: 11    God:
Gold:   212        SH:  0    Dex: 13    Spells: 4/4 levels left

rFire   . . .        a - +0 war axe (freeze)
rCold   . . .        c - +0 buckler
rNeg    . . .        d - +0 chain mail
rPois   .            (no helmet)
rElec   .            (no cloak)
rCorr   .            (no gloves)
SInv    +            j - +0 pair of boots
Will    +....        (no amulet) Stlth
                     b - ring of willpower
HPRegen 0.46/turn    (no ring)
MPRegen 0.09/turn

%: no passive effects
@: confused, brilliant, ambrosia-drunk, corroded, healing quickly
A: alive, fangs 3, see invisible, vampiric 2
a: Exsanguinate


You were in a sewer.
You visited 1 branch of the dungeon, and saw 3 of its levels.
You also visited: Sewer.

You collected 212 gold pieces.

Inventory:

Hand Weapons
 a - a +0 war axe of freezing (weapon)
Armour
 c - a +0 buckler (worn)
 d - a +0 chain mail (worn)
 j - a +0 pair of boots (worn)
Jewellery
 b - a ring of willpower (left hand)
Potions
 f - a potion of enlightenment
 g - 2 potions of mutation
 k - a potion of attraction {unknown}
 l - a potion of invisibility {unknown}
 m - 2 potions of lignification {unknown}


   Skills:
 + Level 3.6 Fighting
 * Level 3.8 Axes
 + Level 3.2 Armour
 - Level 2.6 Shields


You had 4 spell levels left.
You didn't know any spells.
Your spell library contained the following spells:

 Spells                   Type           Power      Damage    Failure   Level
 Ensorcelled Hibernation  Hex/Ice        0%         N/A       100%        2
 Spider Form              Tmut/Pois      0%         N/A       100%        3
 Anguish                  Hex/Necr       0%         N/A       100%        4
 Blade Hands              Tmut           0%         N/A       100%        5
 Irradiate                Conj/Tmut      0%         3d11      100%        5
 Dragon Form              Tmut           0%         N/A       100%        7


Dungeon Overview and Level Annotations

Branches:
Dungeon (3/15)              Sewer (1/1)

Altars:
Xom


Innate Abilities, Weirdness & Mutations

Your natural rate of healing is accelerated.
You have razor-sharp teeth.
You have supernaturally acute eyesight. (SInv)
You are afflicted with vampirism and can become a bat while bloodless.


Message History

The jelly is severely wounded.
You block the jelly's attack.
Your unstable footing causes you to fumble your attack.
The jelly hits you but does no damage. The rat bites you.
Your unstable footing causes you to fumble your attack.
The jelly closely misses you. The rat barely misses you.
The jelly barely misses you. The rat closely misses you.
Your unstable footing causes you to fumble your attack.
The jelly barely misses you. The rat bites you but does no damage.
You hit the jelly but do no damage.
Your hands burn!
The jelly is severely wounded.
You closely miss the rat. The jelly hits you. The acid corrodes you!
You are splashed with acid!
The rat splashes around in the water.
The jelly hits you. The acid corrodes you!
You are splashed with acid.
* * * LOW HITPOINT WARNING * * *
You are too injured to fight recklessly!
You are too injured to fight recklessly!
You are too injured to fight recklessly!
There are monsters nearby!
The jelly barely misses you.
You see here a river rat corpse.
The jelly attacks as you move away! The jelly hits you.
* * * LOW HITPOINT WARNING * * *
You are splashed with acid!
* * * LOW HITPOINT WARNING * * *
The rat attacks as you move away! The rat barely misses you.
It was a potion of curing.
You feel better.
The rat splashes around in the water.
The jelly completely misses you.
It was a potion of ambrosia.
You are confused.
You feel invigorated. The rat bites you. The jelly hits you.
* * * LOW HITPOINT WARNING * * *
The acid corrodes you!
You are splashed with acid!
* * * LOW HITPOINT WARNING * * *
It was a potion of brilliance.
You feel clever all of a sudden.
The rat splashes around in the water.
The jelly hits you.
* * * LOW HITPOINT WARNING * * *
You are splashed with acid!
You die...

~.# #~~......# ††#
########## ..## #####
~..# ##..~## #..##
##~.†..#
#...####.~~#..#
#~...~##..##..####
##~...~####~.~...##
###~.~.##.~.~~~@r####
##.~~~~..###..J~~.##
##~.~~.## ##.~~~~.#
#†~~~##~. #~.##~~~..#
#..~.~...##~~#
#~..~..
#.~~.~...##..~#
.~..._
#~..#~.~..~..∩##
~..!!
~~~.##~..#~.~.##
.#### #...# ##~.#####
#


You could see a jelly and a rat.

Vanquished Creatures
  A jelly (Sewer)
  Jessica (D:2)
  Terence (D:2)
  An adder (D:3)
  A river rat (Sewer)
  2 worms
  A dart slug (D:2)
  12 ball pythons
  6 bats
  12 endoplasms
  11 giant cockroaches
  A hobgoblin (D:1)
  3 jackals (D:3)
  4 quokkas
  8 frilled lizards
  A goblin (D:1)
  4 kobolds (D:1)
  9 rats
79 creatures vanquished.

Notes
Turn   | Place    | Note
-------+----------+-------------------------------------------
     0 | D:1      | Iniera the Vampire Fighter began the quest for the Orb.
     0 | D:1      | Reached XP level 1. HP: 17/17 MP: 1/1
   112 | D:1      | Reached XP level 2. HP: 10/23 MP: 2/2
   827 | D:2      | Gained mutation: You are afflicted with vampirism and can
                  | become a bat while bloodless. [Vampire growth]
   827 | D:2      | Reached XP level 3. HP: 29/29 MP: 3/3
  1055 | D:2      | Noticed Terence
  1071 | D:2      | Killed Terence
  1634 | D:2      | Noticed Jessica
  1642 | D:2      | Killed Jessica
  1643 | D:2      | Reached XP level 4. HP: 35/35 MP: 4/4
  1881 | D:3      | Noticed an angel
  1882 | D:3      | Found a shimmering altar of Xom.
  1957 | D:3      | Found a glowing drain.
  1982 | Sewer    | Entered a sewer
  2080 | Sewer    | Reached XP level 5. HP: 32/41 MP: 5/5
  2166 | Sewer    | Found a viscous altar of Jiyva.
  2177 | Sewer    | HP: 2/41 [acid (9)]
  2178 | Sewer    | Splashed by a jelly's acid

Illustrated notes

Levels and vault maps discovered:
D:1:      dpeg_arrival_brainrot, layout_basic
D:2:      layout_basic, chequers_serial_rivers_micro_e, uniq_terence,
          uniq_jessica
D:3:      layout_rooms, grunt_temple_overflow_order_and_chaos_1,
          gup_sewer_entry_pipe, serial_rivers, chequers_serial_rivers_room_b,
          chequers_serial_rivers_micro_d, chequers_serial_rivers_micro_b,
          chequers_serial_rivers_small_b, amethyst_killhole
Sewer:    sewer_hellmonk_slimy_pipes

Skill      XL: |  1  2  3 |
---------------+----------+-----
Axes           | 2 3 |  3.8
Fighting       | 3 |  3.6
Armour         | 3 |  3.2
Shields        | |  2.6

Action                     |  1- 3 |  4- 6 || total
---------------------------+-------+-------++-------
  Melee: War axe           |    86 |    99 ||   185
         Bite              |     8 |     8 ||    16
    Use: Scroll            |     4 |     1 ||     5
         Potion            |     1 |     3 ||     4
 Armour: Scale mail        |    42 |       ||    42
         Chain mail        |     3 |    60 ||    63
  Dodge: Dodged            |    47 |    42 ||    89
  Block: Buckler           |    23 |    23 ||    46

Table legend: (Time is in decaauts)
 A = Elapsed time spent in this place.
 B = Non-inter-level travel time spent in this place.
 C = Inter-level travel time spent in this place.
 D = Time resting spent in this place.
 E = Time spent auto-exploring this place.
 F = Levels seen in this place.
 G = Mean time per level.
                   A        B        C        D        E       F      G
               +--------+--------+--------+--------+--------+-----+--------+
         Total |   2270 |   2065 |    205 |    174 |   1366 |   4 |  567.5 |
       Dungeon |   2039 |   1834 |    205 |    174 |   1265 |   3 |  679.7 |
         Sewer |    230 |    230 |      0 |      0 |    100 |   1 |  230.0 |
               +--------+--------+--------+--------+--------+-----+--------+

Top non-repeatable levels by time:
     D:2: 1047 daAuts
     D:1: 791 daAuts
   Sewer: 230 daAuts
     D:3: 200 daAuts
